 Dungeon Crawl Stone Soup version 0.17-a0-1-g1f4be75 (webtiles) character file.

284 Gronka the Shield-Bearer (level 6, 0/47 HPs)
             Began as a Human Fighter on Mar 5, 2015.
             Succumbed to poison (a potion of poison)
             ... on level 4 of the Dungeon.
             The game lasted 00:05:16 (2793 turns).

Gronka the Shield-Bearer (Human Fighter)            Turns: 2793, Time: 00:05:16

Health: 0/47       AC: 11    Str: 18    XL:     6   Next: 54%
Magic:  6/6        EV:  9    Int: 10    God:
Gold:   157        SH: 10    Dex: 18    Spells: 0 memorised, 5 levels left

rFire  . . .     SeeInvis .     t - +0 rapier
rCold  . . .     Clarity  +     g - +0 plate armour
rNeg   . . .     SustAb   .     c - +0 shield
rPois  .         Gourm    .     (no helmet)
rElec  .         Spirit   .     (no cloak)
rCorr  .         Warding  .     (no gloves)
rMut   .         Stasis   .     (no boots)
MR     .....                    (no amulet)
Stlth  ..........               (no ring)
                                (no ring)

@: agile, lethally poisoned (0 -> -11), not resistant to hostile enchantments,
extremely unstealthy
A: blurry vision 1, clarity, clever 1
a: no special abilities


You were on level 4 of the Dungeon.
You were not hungry.

You visited 1 branch of the dungeon, and saw 4 of its levels.

You collected 157 gold pieces.

Inventory:

Hand weapons
 a - a +0 long sword
 t - a +0 rapier (weapon)
Armour
 b - a +0 scale mail
 c - a +0 shield (worn)
 g - a +0 plate armour (worn)
Scrolls
 f - 2 scrolls of enchant armour {unknown}
 h - a scroll of random uselessness
 i - a scroll of amnesia {unknown}
 k - a scroll of fog {unknown}
 m - a scroll of blinking {unknown}
 n - 2 scrolls of identify {unknown}
 o - a scroll of enchant weapon {unknown}
 p - a scroll of remove curse {unknown}
 q - a scroll of fear {unknown}
 r - a scroll of magic mapping {unknown}
Potions
 e - a potion of might
Comestibles
 j - 2 royal jellies
 l - 4 fruits
 v - a meat ration


   Skills:
 + Level 3.6 Fighting
 + Level 1.0(2.2) Short Blades
 + Level 3.3(3.4) Long Blades
 + Level 3.9 Armour
 + Level 1.1 Dodging
 + Level 4.9 Shields


You had 5 spell levels left.
You didn't know any spells.

Dungeon Overview and Level Annotations

Branches:
Dungeon (4/15)
 Temple: D:4-7

Altars:
Elyvilon
Sif Muna


Innate Abilities, Weirdness & Mutations

Scrolls take you a little longer to read.
You possess an exceptional clarity of mind.
Your mind is acute. (Int +2)


Message History

* * * LOW HITPOINT WARNING * * *
You feel sick. The orc hits you but does no damage.
You block the adder's attack. The orc hits you but does no damage.
Drink which item? (? for menu, Esc to quit)
It was a potion of poison.
That liquid tasted very nasty...
You are lethally poisoned!
* * * LOW HITPOINT WARNING * * *
You feel sick. The adder barely misses you.
The orc hits you but does no damage.
Read which item? (? for menu, Esc to quit)
* * * LOW HITPOINT WARNING * * *
You feel sick. You block the adder's attack.
You begin reading the scroll.
You continue reading the scroll.
* * * LOW HITPOINT WARNING * * *
You feel sick. You block the adder's attack.
As you read the scroll labeled HIEMO BRYM, it crumbles to dust.
The dust glows bright red!
It was a scroll of random uselessness.
Your plate armour prevents you from hitting the orc.
You die...

#.#.####..##.#
#.#.#........#
#.#.#.##..##.#
#.#.#.###.##.####
#...............#
.#.###..####.#
#.####.####.#
########o#.......#.#
.......K@o.###>#.#.#
........oSo.# #.#...#
#######K'#####.##########
##....a...##...........
##..........###########.
#....(.......# #.......
#..............# #.#####.
#................ #.# #.
................ #.# #<


You could see a worker ant, an orc priest, an adder, 3 orcs and 2 kobolds.

Vanquished Creatures
  A scorpion (D:4)
  2 orc priests (D:3)
  Terence (D:3)
  8 adders
  3 worms
  7 orcs (D:3)
  14 bats
  5 giant cockroaches
  8 goblins
  9 hobgoblins
  3 quokkas (D:3)
  3 giant geckos
  3 giant newts
  5 jackals (D:2)
  5 kobolds
  5 rats
82 creatures vanquished.

Notes
Turn   | Place    | Note
--------------------------------------------------------------
     0 | D:1      | Gronka, the Human Fighter, began the quest for the Orb.
     0 | D:1      | Reached XP level 1. HP: 18/18 MP: 1/1
   173 | D:1      | Reached XP level 2. HP: 24/24 MP: 2/2
   547 | D:2      | Reached XP level 3. HP: 29/29 MP: 3/3
   588 | D:2      | Found a white marble altar of Elyvilon.
   643 | D:2      | Found a deep blue altar of Sif Muna.
   801 | D:2      | Reached XP level 4. HP: 27/35 MP: 4/4
  1271 | D:2      | Reached skill level 4 in Shields
  1394 | D:3      | Reached XP level 5. HP: 26/41 MP: 5/5
  1410 | D:3      | Noticed Terence
  1425 | D:3      | Killed Terence
  1791 | D:3      | Reached XP level 6. HP: 11/47 MP: 6/6
  2142 | D:3      | Reached skill level 1 in Dodging
  2772 | D:4      | Reached skill level 1 in Short Blades
  2789 | D:4      | Gained mutation: Your mind is acute. (Int +2) [potion of mutation]
  2789 | D:4      | Gained mutation: You possess an exceptional clarity of mind. [potion of mutation]
  2789 | D:4      | Gained mutation: Scrolls take you a little longer to read. [potion of mutation]
  2791 | D:4      | HP: 2/47 [poison (a potion of poison)]
  2793 | D:4      | Succumbed to poison (a potion of poison)

Action                   |  1- 3 |  4- 6 || total
-------------------------+-------+-------++-------
Melee: Long sword        |   116 |   147 ||   263
       Rapier            |       |   147 ||   147
  Use: Potion            |       |     3 ||     3
       Scroll            |       |     1 ||     1
  Eat: Bread ration      |       |     2 ||     2
